 Dungeon Crawl Stone Soup version 0.32-a0-898-g7811c86cf0 (webtiles) character file.

Game seed: 4636389594177987305

14 Griffin23 the Shield-Bearer (level 2, -5/27 HPs)
             Began as a Minotaur Fighter on Apr 4, 2024.
             Killed by divine providence
             ... invoked by an orc priest
              (11 damage)
             ... on level 2 of the Dungeon.
             The game lasted 00:00:32 (559 turns).

Griffin23 the Shield-Bearer (Minotaur Fighter)       Turns: 559, Time: 00:00:32

Health: -5/27      AC:  7    Str: 20    XL:     2   Next: 31%
Magic:  1/1        EV:  8    Int:  5    God:
Gold:   80         SH:  4    Dex:  9    Spells: 1/1 levels left

rFire   . . .        a - +0 long sword
rCold   . . .        c - +0 buckler
rNeg    . . .        b - +0 scale mail
rPois   .            (helmet restricted)
rElec   .            (no cloak)
rCorr   .            (no gloves)
SInv    .            (no boots)
Will    .....        (no amulet) Stlth
                     (no ring)
HPRegen 0.24/turn    (no ring)
MPRegen 0.07/turn

%: no passive effects
@: no status effects
A: horns 2, retaliatory headbutt
a: Convert to Beogh


You were on level 2 of the Dungeon.
You visited 1 branch of the dungeon, and saw 2 of its levels.

You collected 80 gold pieces.

Inventory:

Hand Weapons
 a - a +0 long sword (weapon)
Armour
 b - a +0 scale mail (worn)
 c - a +0 buckler (worn)
Scrolls
 f - a scroll of revelation {unknown}
 g - a scroll of vulnerability {unknown}
 i - a scroll of teleportation {unknown}
Potions
 d - a potion of might
 e - a potion of mutation {unknown}
 h - 2 potions of degeneration {unknown}
 j - 2 potions of ambrosia {unknown}
 k - a potion of heal wounds {unknown}
 l - 2 potions of enlightenment {unknown}


   Skills:
 + Level 3.9 Fighting
 + Level 2.8 Long Blades
 + Level 3.9 Armour
 + Level 3.9 Shields


You had one spell level left.
You didn't know any spells.
Your spell library was empty.

Dungeon Overview and Level Annotations

Branches:
Dungeon (2/15)

Altars:


Innate Abilities, Weirdness & Mutations

You have a pair of horns on your head.
You reflexively headbutt those who attack you in melee.


Message History

An orc priest comes into view. It is wielding a +0 whip.
The orc hits you but does no damage.
There are monsters nearby!
You hit the orc but do no damage. You headbutt the orc.
The orc is heavily wounded.
The endoplasm hits you.
The orc priest looks satisfied for a moment.
The orc completely misses you.
The endoplasm hits you but does no damage.
The orc hits you with a +0 club.
You hit the orc.
You kill the orc!
The endoplasm hits you.
The orc priest sings a few bars from the Orcish anthem.
The orc priest invokes the aid of Beogh against you.
Beogh smites you!
Ouch! That really hurt!
* * * LOW HITPOINT WARNING * * *
The orc priest shouts, "Surrender to Beogh and we'll let you live!" (press Y on the ability menu to convert to Beogh)
You aren't carrying any items that you can evoke.
You see here 17 gold pieces.
You now have 80 gold pieces (gained 17).
The endoplasm barely misses you.
The endoplasm attacks as it pursues you!
You block the endoplasm's attack. The orc attacks as it pursues you!
The orc hits you but does no damage.
The endoplasm attacks as it pursues you!
You block the endoplasm's attack.
Found 10 gold pieces.
The endoplasm attacks as it pursues you!
The endoplasm hits you but does no damage.
The endoplasm attacks as it pursues you!
The endoplasm barely misses you. The endoplasm freezes you.
You are frozen.
* * * LOW HITPOINT WARNING * * *
The orc priest calls down the wrath of Beogh upon you.
Beogh smites you!
You die...

#.#.# #.#.# #.#.#
..........# #.#.#
............#
#.#.#
............#
#.#.#
$...........#
#.#.# ...........#
#.#.#
..........####@#<#
#....o.....J.###
#####.....J..o.o.+
............o...)#
~..~###..........#
#≈~#...#.........#
#≈≈#.⌠.#.........#
#≈≈#...#.........#
≈≈≈≈###..........#


You could see an orc priest, 3 orcs and 2 endoplasms.

Vanquished Creatures
  An orc (D:2)
  2 ball pythons (D:1)
  2 bats (D:1)
  An endoplasm (D:1)
  A giant cockroach (D:1)
  3 goblins (D:1)
  A frilled lizard (D:1)
  A kobold (D:1)
  A rat (D:1)
13 creatures vanquished.

Notes
Turn   | Place    | Note
-------+----------+-------------------------------------------
     0 | D:1      | Griffin23 the Minotaur Fighter began the quest for the Orb.
     0 | D:1      | Reached XP level 1. HP: 19/19 MP: 0/0
   216 | D:1      | Reached XP level 2. HP: 27/27 MP: 1/1
   559 | D:2      | Killed from afar by an orc priest

Illustrated notes

Levels and vault maps discovered:
D:1:      dpeg_arrival_tiny_f, layout_rooms
D:2:      layout_basic, fountainhead

Action                     || total
---------------------------++-------
  Melee: Long sword        ||    27
         Headbutt          ||     3
 Armour: Scale mail        ||    28
  Dodge: Dodged            ||     8
  Block: Buckler           ||     7

Table legend: (Time is in decaauts)
 A = Elapsed time spent in this place.
 B = Non-inter-level travel time spent in this place.
 C = Inter-level travel time spent in this place.
 D = Time resting spent in this place.
 E = Time spent auto-exploring this place.
 F = Levels seen in this place.
 G = Mean time per level.
                   A        B        C        D        E       F      G
               +--------+--------+--------+--------+--------+-----+--------+
         Total |    568 |    563 |      5 |      0 |    460 |   2 |  284.0 |
       Dungeon |    568 |    563 |      5 |      0 |    460 |   2 |  284.0 |
               +--------+--------+--------+--------+--------+-----+--------+

Top non-repeatable levels by time:
     D:1: 460 daAuts
     D:2: 107 daAuts
